 Dungeon Crawl Stone Soup version 0.31-a0-1611-g890cdf5628 (webtiles) character file.

Game seed: 15837703035065409897

60 zenocrate the Sneak (level 4, -1/21 HPs)
             Began as a Vine Stalker Enchanter on Jan 9, 2024.
             Slain by a gnoll
             ... wielding a +0 spear
              (2 damage)
             ... on level 2 of the Dungeon.
             The game lasted 00:01:30 (958 turns).

zenocrate the Sneak (Vine Stalker Enchanter)         Turns: 958, Time: 00:01:30

Health: -1/21      AC:  4    Str: 17    XL:     4   Next: 6%
Magic:  0/8        EV: 12    Int: 15    God:
Gold:   75         SH:  0    Dex: 16    Spells: 5/7 levels left

rFire   . . .        b - +2 dagger (freeze)
rCold   . . .        (no shield)
rNeg    . . .        f - +0 robe
rPois   .            (no helmet)
rElec   .            h - +0 cloak
rCorr   .            e - +0 pair of gloves
SInv    .            (no boots)
Will    .....        (no amulet)
Stlth   +++          m - +6 ring of strength
HPRegen 1.03/turn    (no ring)
MPRegen 0.11/turn

%: guardian spirit
@: invisible
A: fangs 2, regeneration 1, magic shield, antimagic bite, no potion heal 2
a: no special abilities


You were on level 2 of the Dungeon.
You visited 1 branch of the dungeon, and saw 2 of its levels.

You collected 75 gold pieces.

Inventory:

Hand Weapons
 a - a +1 dagger
 b - a +2 dagger of freezing (weapon)
Armour
 e - a +0 pair of gloves (worn)
 f - a +0 robe (worn)
 h - a +0 cloak (worn)
Jewellery
 m - a +6 ring of strength (left hand)
Scrolls
 d - a scroll of enchant armour {unknown}
 g - 2 scrolls of teleportation {unknown}
 i - 3 scrolls of identify {unknown}
Potions
 c - a potion of invisibility
 j - a potion of degeneration {unknown}
 k - a potion of curing {unknown}
 l - a potion of berserk rage {unknown}
 n - 3 potions of heal wounds {unknown}


   Skills:
 + Level 1.7 Short Blades
 + Level 0.9 Armour
 - Level 1.5 Dodging
 + Level 4.3 Stealth
 - Level 2.1 Spellcasting
 + Level 3.5 Hexes
 + Level 1.0 Ice Magic


You had 5 spell levels left.
You knew the following spells:

 Your Spells              Type           Power      Damage    Failure   Level
a - Ensorcelled Hibernat  Hex/Ice        16%        N/A       13%         2

Your spell library contained the following spells:

 Spells                   Type           Power      Damage    Failure   Level
 Confusing Touch          Hex            12%        N/A       16%         3
 Tukima's Dance           Hex            12%        N/A       16%         3
 Dazzling Flash           Conj/Hex       12%        N/A       32%         3
 Fugue of the Fallen      Necr           1%         N/A       54%         3
 Anguish                  Hex/Necr       3%         N/A       71%         4
 Haunt                    Necr/Summ      0%         N/A       100%        7
 Borgnjor's Revivificati  Necr           0%         N/A       100%        8
 Death's Door             Necr           0%         N/A       100%        9


Dungeon Overview and Level Annotations

Branches:
Dungeon (2/15)

Altars:


Innate Abilities, Weirdness & Mutations

You have extremely sharp teeth.
Your natural rate of healing is unusually fast.
When hurt, damage is shared between your health and your magic reserves.
Your bite disrupts and absorbs the magic of your enemies.
Potions cannot restore your health.


Message History

The gnoll closely misses you.
The gnoll hits you from afar with a +0 spear.
The gnoll barely misses you.
Unknown command.
Unknown command.
You hit the gnoll. You freeze the gnoll. You bite the gnoll, but do no damage.
The gnoll is moderately wounded.
The gnoll closely misses you. The gnoll barely misses you.
The gnoll hits you with a +0 flail. The gnoll closely misses you.
Unknown command.
You hit the gnoll. You freeze the gnoll.
The gnoll is heavily wounded.
The gnoll closely misses you. The gnoll barely misses you.
The gnoll hits you from afar with a +0 spear.
* * * LOW HITPOINT WARNING * * *
Unknown command.
Unknown command.
Unknown command.
You hit the gnoll. You freeze the gnoll.
The gnoll is severely wounded.
The gnoll closely misses you.
The gnoll hits you but does no damage. x2
The gnoll hits you from afar with a +0 spear.
* * * LOW HITPOINT WARNING * * *
The dart slug bites you.
* * * LOW HITPOINT WARNING * * *
Unknown command.
You catch the helpless gnoll completely off-guard!
You puncture the gnoll! You freeze the gnoll.
You kill the gnoll!
The gnoll closely misses you. The gnoll misses you.
The gnoll barely misses you.
Your Ice Magic skill increases to level 1!
You have reached level 4!
You feel stronger.
You hit the gnoll but do no damage. Your bite misses the gnoll.
The gnoll is heavily wounded.
The gnoll hits you with a +0 flail.
* * * LOW HITPOINT WARNING * * *
The gnoll hits you from afar with a +0 spear.
You die...

#.###)...†#..
#.............
###############....#
#≈≈§≈§≈≈≈≈≈≈≈≈#.÷.##
#≈...§§......≈#.....
#≈.... .....≈#.....
#§gg. #...≈#...##
#≈gw# #..≈#...##
#≈)@# #..≈#...#.
#≈..# #...'...#.
#§..# #..≈#.....
#≈..## ##..≈###...
#≈...#####...§#.....
#≈..!........≈#.##..
#≈....§...§§§≈####..
#≈≈≈≈≈≈§≈§≈≈≈§#....#
###############.####


You could see 3 gnolls and a dart slug (unable to see you).

Vanquished Creatures
  A gnoll (D:2)
  4 dart slugs
  A ribbon worm (D:2)
  9 endoplasms
  A giant cockroach (D:1)
  A goblin (D:2)
  6 ball pythons (D:1)
  6 bats
  7 frilled lizards
  3 kobolds
  3 rats
42 creatures vanquished.

Notes
Turn   | Place    | Note
-------+----------+-------------------------------------------
     0 | D:1      | zenocrate the Vine Stalker Enchanter began the quest for
                  | the Orb.
     0 | D:1      | Reached XP level 1. HP: 9/9 MP: 4/4
    40 | D:1      | Reached skill level 1 in Short Blades
    82 | D:1      | Reached XP level 2. HP: 13/13 MP: 6/6
    85 | D:1      | Learned a level 2 spell: Ensorcelled Hibernation
   229 | D:1      | Reached skill level 4 in Stealth
   384 | D:1      | Reached XP level 3. HP: 16/16 MP: 7/7
   649 | D:2      | Identified the +8 hand axe "Garatel" {flame, rPois rF++ rC+
                  | Str-2}
   958 | D:2      | Reached skill level 1 in Ice Magic
   958 | D:2      | Reached XP level 4. HP: 5/21 MP: 1/8
   958 | D:2      | HP: 1/21 [gnoll/+0 flail (5)]
   958 | D:2      | Slain by a gnoll

Illustrated notes

Levels and vault maps discovered:
D:1:      nicolae_arrival_escape_room, layout_rooms
D:2:      layout_rooms, kennysheep_path_1

Skill      XL: |  1  2  3 |
---------------+----------+-----
Short Blades   | 1 |  1.7
Stealth        | 4 |  4.3
Ice Magic      | 1 |  1.0
Armour         | |  0.9
Dodging        | |  1.5
Spellcasting   | |  2.1
Hexes          | |  3.5

Action                     |  1- 3 |  4- 6 || total
---------------------------+-------+-------++-------
  Melee: Dagger            |    93 |     1 ||    94
         Bite              |    19 |       ||    19
         Punch             |     1 |       ||     1
   Cast: Ensorcelled Hiber |     8 |       ||     8
    Use: Potion            |     1 |       ||     1
   Stab: Sleeping          |    10 |       ||    10
         Invisible         |     1 |       ||     1
 Armour: Robe              |    50 |     2 ||    52
  Dodge: Dodged            |    76 |       ||    76

Table legend: (Time is in decaauts)
 A = Elapsed time spent in this place.
 B = Non-inter-level travel time spent in this place.
 C = Inter-level travel time spent in this place.
 D = Time resting spent in this place.
 E = Time spent auto-exploring this place.
 F = Levels seen in this place.
 G = Mean time per level.
                   A        B        C        D        E       F      G
               +--------+--------+--------+--------+--------+-----+--------+
         Total |    950 |    939 |     11 |      0 |    599 |   2 |  475.0 |
       Dungeon |    950 |    939 |     11 |      0 |    599 |   2 |  475.0 |
               +--------+--------+--------+--------+--------+-----+--------+

Top non-repeatable levels by time:
     D:1: 518 daAuts
     D:2: 432 daAuts
